[Event "Titled Tuesday Blitz January 10 Late 2023"]
[White "ritanovikova"]
[Black "Wang, Alexander J"]
[BlackFideId "30955270"]
[WhiteElo "2115"]
[BlackElo "1815"]
[Result "0-1"]
[Round "09"]
[TimeControl "180+2"]
[Date "2023.01.10"]
[WhiteClock "0:00:02"]
[BlackClock "0:00:11"]

1. d4 d5 2. Nf3 e6 3. Bf4 c5 4. c3 Nc6 5. e3 Nf6 6. Bb5 Bd7 7. O-O a6 8. Ba4 b5 9. Bc2 Be7 10. Nbd2 O-O 11. Ne5 c4 12. e4 a5 13. exd5 exd5 14. Bg5 h6 15. Bh4 Qc7 16. Re1 Rae8 17. Rc1 Be6 18. Bb1 Nd7 19. Qc2 f5 20. Bxe7 Nxe7 21. Nexc4 dxc4 22. Rxe6 Nf6 23. Rce1 g6 24. Qd1 Ned5 25. Nf3 Rxe6 26. Rxe6 Qd7 27. Qe1 Re8 28. Rxe8+ Qxe8 29. Ne5 Kg7 30. Qe2 Qe7 31. Qf3 b4 32. h4 bxc3 33. bxc3 Qa3 34. Qg3 Ne7 35. Kh2 Qc1 36. Nxg6 Nxg6 37. h5 Nxh5 38. Qc7+ Kf6 39. Qd6+ Kg5 40. f4+ Qxf4+ 41. Qxf4+ Nhxf4 42. a3 Nd5 43. Ba2 Nxc3 44. Bxc4 Ne7 45. d5 Nexd5 46. Kg3 Ne3 47. Be6 f4+ 48. Kf3 Nb5 49. a4 Nc3 50. Bd7 Ned5 51. Bc6 Nb6 52. Kf2 Nbxa4 53. g3 fxg3+ 54. Kxg3 Nb2 0-1


[Site "https://www.chess.com"]

[Event "Titled Tuesday Blitz January 10 Late 2023"]
[White "Thomas, Anysia"]
[Black "Kho, Darrell"]
[WhiteFideId "670472"]
[BlackFideId "1019317"]
[WhiteElo "2147"]
[BlackElo "2075"]
[Result "1-0"]
[Round "09"]
[TimeControl "180+2"]
[Date "2023.01.10"]
[WhiteClock "0:00:04"]
[BlackClock "0:00:09"]

1. d4 d5 2. c4 e6 3. Nf3 a6 4. g3 dxc4 5. Bg2 Nc6 6. O-O Rb8 7. e3 b5 8. a4 Na5 9. axb5 Nb3 10. Rxa6 Bxa6 11. bxa6 Ra8 12. Ne5 Rxa6 13. Nxc4 Nxc1 14. Qxc1 Nf6 15. Ne5 Bd6 16. Bc6+ Kf8 17. Nd2 g6 18. Ndc4 Kg7 19. Bb5 Ra8 20. Re1 Qc8 21. e4 Bb4 22. Re2 Ra2 23. Qf4 Rf8 24. Nd3 Be7 25. Nce5 Qb7 26. Bc6 Qb6 27. d5 Bd6 28. Qg5 Bxe5 29. Qxe5 exd5 30. exd5 Qa6 31. Nc5 Qc4 32. Nd7 Ra1+ 33. Kg2 1-0


[Site "https://www.chess.com"]

[Event "Titled Tuesday Blitz January 10 Late 2023"]
[White "Riverol, Jose"]
[Black "Garcia, Gabriel Gonzaga"]
[WhiteFideId "3000427"]
[BlackFideId "2138956"]
[WhiteElo "2304"]
[BlackElo "2091"]
[Result "0-1"]
[Round "09"]
[TimeControl "180+2"]
[Date "2023.01.10"]
[WhiteClock "0:01:06"]
[BlackClock "0:02:26"]

1. d4 Nf6 2. c4 e5 3. dxe5 Ng4 4. Bf4 Bb4+ 5. Nd2 Nc6 6. Nf3 Qe7 7. a3 Ncxe5 8. Nxe5 Nxe5 9. e3 Bd6 10. b4 Nxc4 11. Bxc4 Bxf4 12. O-O Be5 13. Rb1 O-O 14. Qf3 c6 15. e4 Bxh2+ 16. Kxh2 Qd6+ 17. e5 Qxd2 18. Rbd1 Qg5 19. Qe4 Re8 20. f4 Qh5+ 21. Kg1 d5 22. Qe2 Bg4 0-1


[Site "https://www.chess.com"]

[Event "Titled Tuesday Blitz January 10 Late 2023"]
[White "Andreikin, Dmitry"]
[Black "Nakamura, Hikaru"]
[WhiteFideId "4158814"]
[BlackFideId "2016192"]
[WhiteElo "2729"]
[BlackElo "2775"]
[Result "1-0"]
[Round "10"]
[TimeControl "180+2"]
[Date "2023.01.10"]
[WhiteClock "0:00:27"]
[BlackClock "0:00:16"]

1. Nf3 Nf6 2. c4 Nc6 3. d4 e6 4. g3 g6 5. Bg2 Bg7 6. O-O O-O 7. b3 d5 8. Nbd2 Ne4 9. Bb2 Nxd2 10. Qxd2 b6 11. Rac1 Bb7 12. cxd5 exd5 13. Rc2 Ne7 14. Rfc1 c6 15. Ne5 Qd6 16. Qf4 Rad8 17. Nd3 Qe6 18. Ba3 Rfe8 19. e3 h6 20. h4 Kh7 21. Kh2 h5 22. Bh3 f5 23. Bxe7 Rxe7 24. Qf3 Rd6 25. Nf4 Qf7 26. b4 Rd8 27. Bf1 Rd6 28. Bd3 Bf8 29. Qe2 Bg7 30. Qf3 Kg8 31. a4 Kh7 32. Nh3 Qe8 33. Qf4 Qd8 34. Ng5+ Kg8 35. b5 c5 36. dxc5 bxc5 37. Rxc5 Be5 38. Qb4 d4 39. e4 f4 40. Qc4+ Bd5 41. Rxd5 Rxd5 42. Qxd5+ Qxd5 43. exd5 fxg3+ 44. fxg3 Kg7 45. Ne6+ Kh6 46. Kg2 Rd7 47. Be4 d3 48. Rd1 a6 49. bxa6 Rd6 50. Bxd3 Rxd5 51. Be2 Ra5 52. Bb5 Kh7 53. Nc5 Bb8 54. Nb7 1-0


[Site "https://www.chess.com"]

[Event "Titled Tuesday Blitz January 10 Late 2023"]
[White "Paravyan, David"]
[Black "Naroditsky, Daniel"]
[WhiteFideId "4194985"]
[BlackFideId "2026961"]
[WhiteElo "2601"]
[BlackElo "2618"]
[Result "0-1"]
[Round "10"]
[TimeControl "180+2"]
[Date "2023.01.10"]
[WhiteClock "0:00:02"]
[BlackClock "0:00:31"]

1. e4 c6 2. d4 d5 3. e5 c5 4. Nf3 cxd4 5. Nxd4 Nc6 6. Nxc6 bxc6 7. Bd3 e6 8. O-O Ne7 9. Nd2 Ng6 10. Nf3 Be7 11. Re1 a5 12. g3 Ba6 13. Bxa6 Rxa6 14. h4 h6 15. Qd3 Qa8 16. Nd4 Nf8 17. c4 Nd7 18. Bf4 O-O 19. Rac1 Qb7 20. Rc2 Nc5 21. Qf3 Rd8 22. Rec1 a4 23. Kg2 Rb6 24. Qg4 Kh8 25. Qe2 dxc4 26. Qxc4 Rb4 27. Qe2 Rdxd4 28. Be3 Nd3 29. Rd1 c5+ 30. Kh3 Rd5 31. Rxd3 Rxd3 32. Qxd3 Qh1# 0-1


[Site "https://www.chess.com"]

[Event "Titled Tuesday Blitz January 10 Late 2023"]
[White "Duda, Jan-Krzysztof"]
[Black "Dubov, Daniil"]
[WhiteFideId "1170546"]
[BlackFideId "24126055"]
[WhiteElo "2724"]
[BlackElo "2708"]
[Result "1-0"]
[Round "10"]
[TimeControl "180+2"]
[Date "2023.01.10"]
[WhiteClock "0:00:03"]
[BlackClock "0:00:02"]

1. d4 Nf6 2. Bg5 d5 3. Bxf6 gxf6 4. c4 c5 5. cxd5 Qxd5 6. Nf3 cxd4 7. Nc3 Qa5 8. Nxd4 Nc6 9. Nb3 Qe5 10. g3 Bg7 11. Bg2 O-O 12. O-O Rd8 13. Qc1 Be6 14. f4 Qc7 15. Nc5 Bc4 16. b3 Na5 17. N5a4 Bxb3 18. axb3 Nxb3 19. Nd5 Qxc1 20. Raxc1 Nxc1 21. Rxc1 e6 22. Ndc3 Rab8 23. Rb1 f5 24. Rxb7 Rxb7 25. Bxb7 Rd4 26. Ba6 Rd6 27. Bd3 Rc6 28. Na2 a5 29. Kf2 Bd4+ 30. Kf3 h6 31. h3 Kf8 32. g4 fxg4+ 33. hxg4 Ke7 34. e3 Bf6 35. Ke2 Rc7 36. Kd2 Rb7 37. Nc1 Rb4 38. Bc2 Rb8 39. Nd3 Rg8 40. Bd1 Rb8 41. Nac5 Ra8 42. Ke2 Rb8 43. Bc2 Rc8 44. Kf3 Rb8 45. Ne4 Bg7 46. Nef2 Rc8 47. Bd1 Rc4 48. Bb3 Rc3 49. Ba4 Ra3 50. Bb5 a4 51. Nc5 Bd4 52. Nfd3 Bxc5 53. Nxc5 Kd6 54. Nxa4 Rb3 55. Be2 Kd5 56. Kf2 Kd6 57. e4 e5 58. f5 Ra3 59. Nb6 Kc5 60. Nc4 Ra7 61. Nxe5 Kd4 62. Nc6+ 1-0


[Site "https://www.chess.com"]

[Event "Titled Tuesday Blitz January 10 Late 2023"]
[White "Moroni, Luca Jr"]
[Black "Sevian, Samuel"]
[WhiteFideId "865834"]
[BlackFideId "2040506"]
[WhiteElo "2535"]
[BlackElo "2684"]
[Result "0-1"]
[Round "10"]
[TimeControl "180+2"]
[Date "2023.01.10"]
[WhiteClock "0:00:02"]
[BlackClock "0:00:37"]

1. d4 Nf6 2. Nf3 d5 3. c3 Nbd7 4. h3 c5 5. Bf4 Qb6 6. Qb3 e6 7. e3 Be7 8. Nbd2 O-O 9. Bd3 c4 10. Qxb6 axb6 11. Bc2 b5 12. O-O b4 13. g4 b5 14. Rfb1 Bb7 15. g5 Ne8 16. h4 Nd6 17. Kg2 bxc3 18. bxc3 Bc6 19. Ne5 Nxe5 20. dxe5 Ne4 21. Bxe4 dxe4 22. a4 Rxa4 23. Rxa4 bxa4 24. Nxc4 a3 25. Ra1 Ra8 26. Nd6 Bd8 27. h5 Bb6 28. Kf1 Bc5 29. h6 Rb8 30. Kg2 Rb2 31. Nc4 Rb3 32. Rd1 Bd5 33. Nd6 a2 34. c4 Rb1 35. cxd5 Rxd1 36. dxe6 fxe6 0-1


[Site "https://www.chess.com"]

[Event "Titled Tuesday Blitz January 10 Late 2023"]
[White "Sarana, Alexey"]
[Black "Svane, Rasmus"]
[WhiteFideId "24133795"]
[BlackFideId "4657101"]
[WhiteElo "2685"]
[BlackElo "2623"]
[Result "1/2-1/2"]
[Round "10"]
[TimeControl "180+2"]
[Date "2023.01.10"]
[WhiteClock "0:00:12"]
[BlackClock "0:00:04"]

1. d4 Nf6 2. c4 e6 3. Nc3 Bb4 4. e3 O-O 5. Bd3 d5 6. a3 Bxc3+ 7. bxc3 dxc4 8. Bxc4 c5 9. Ne2 Qc7 10. Bd3 Nc6 11. f4 b6 12. O-O Bb7 13. e4 Rfd8 14. Bb2 Na5 15. Ng3 Rac8 16. Qe2 b5 17. e5 Nd5 18. f5 cxd4 19. cxd4 Nc4 20. fxe6 fxe6 21. Qh5 g6 22. Bxg6 hxg6 23. Qxg6+ Qg7 24. Qxe6+ Kh8 25. Rf7 Rc6 26. Qh3+ Qh6 27. Qxh6+ Rxh6 28. Rxb7 Nxb2 29. Nf5 Rb6 30. Rxa7 Nc4 31. Rf1 Rf8 32. Rf3 Rg6 33. Rh3+ Kg8 34. Nh6+ Rxh6 35. Rxh6 Nce3 36. h3 Rf1+ 37. Kh2 Rd1 38. Rd6 Nf1+ 39. Kg1 Ng3+ 40. Kf2 Ne4+ 41. Ke2 Ndc3+ 42. Ke3 Nxd6 43. exd6 Nd5+ 44. Ke4 Nc3+ 45. Ke5 Re1+ 46. Kf5 Rf1+ 47. Ke6 Re1+ 48. Kd7 Rd1 49. Kc8 Ne4 50. d7 Nd6+ 51. Kb8 Nf7 52. Ra6 Rxd4 53. Kc7 Rc4+ 54. Rc6 Rd4 55. g4 Kf8 56. Re6 Rc4+ 57. Kb6 Rd4 58. Kxb5 Rxd7 59. Re3 Rb7+ 60. Kc6 Ra7 61. Kb6 Ra8 62. Kb7 Ra4 63. Kb6 Nd6 64. Rf3+ Ke7 65. Kc5 Ra5+ 66. Kb4 Rb5+ 67. Kc3 Ke6 68. a4 Rc5+ 69. Kb4 Rc4+ 70. Kb3 Re4 71. Rc3 Kd5 72. a5 Nb7 73. a6 Nc5+ 74. Ka2 Nxa6 75. g5 Nc5 76. Rg3 Ne6 77. g6 Ng7 78. Ra3 Ke6 79. Ra6+ Kf5 80. Kb3 Rh4 81. Ra5+ Kxg6 82. Ra6+ Kf7 83. Ra7+ Kf6 84. Ra6+ Ne6 85. Ra4 Rxh3+ 86. Kb2 Ke5 87. Ra5+ Kd4 88. Ra4+ Kd5 89. Ra8 Kc4 90. Rc8+ Nc5 91. Kc2 Rh2+ 92. Kd1 Kd3 93. Rd8+ Ke3 94. Re8+ Ne4 95. Kc1 Kd3 96. Rd8+ Kc4 97. Rc8+ Nc5 98. Kd1 Ra2 99. Ke1 Kd4 100. Rd8+ Ke3 101. Re8+ Ne4 102. Kd1 Ra6 103. Kc1 Kd3 104. Rd8+ Kc4 105. Rc8+ Kb4 106. Kd1 Nc3+ 107. Kd2 Rd6+ 108. Ke3 Kb3 109. Ra8 Kc2 110. Rc8 Re6+ 111. Kd4 Re4+ 112. Kc5 Kb3 113. Rb8+ Kc2 114. Rh8 Rg4 115. Rh2+ Kb3 116. Rh3 Rc4+ 117. Kd6 Kb4 118. Rh8 Nb5+ 119. Ke5 Rg4 120. Rh1 Rg5+ 121. Kf4 Rg2 122. Rb1+ Kc4 123. Rc1+ Kd5 124. Rd1+ Nd4 125. Ra1 Rf2+ 126. Kg5 Ke4 127. Ra4 Rf8 128. Kg6 Ke5 129. Kg7 Ne6+ 130. Kg6 Rg8+ 131. Kh5 Rg1 132. Kh4 Nf4 133. Ra5+ Ke4 134. Ra4+ Kf3 135. Ra3+ Ke4 1/2-1/2


[Site "https://www.chess.com"]

[Event "Titled Tuesday Blitz January 10 Late 2023"]
[White "Svane, Frederik"]
[Black "Deac, Bogdan-Daniel"]
[WhiteFideId "12923044"]
[BlackFideId "1226380"]
[WhiteElo "2600"]
[BlackElo "2700"]
[Result "0-1"]
[Round "10"]
[TimeControl "180+2"]
[Date "2023.01.10"]
[WhiteClock "0:00:03"]
[BlackClock "0:00:05"]

1. e4 e5 2. Nf3 Nc6 3. Bb5 a6 4. Ba4 Bc5 5. c3 Nge7 6. d4 exd4 7. cxd4 Bb4+ 8. Bd2 Bxd2+ 9. Nbxd2 d5 10. O-O dxe4 11. Nxe4 O-O 12. h3 Nb4 13. Re1 Nbd5 14. Rc1 c6 15. Nc5 Ng6 16. Bb3 Qd6 17. Ne5 Rb8 18. Qf3 Nge7 19. Bc2 Nf6 20. Rcd1 Ned5 21. a3 a5 22. g4 g6 23. Bb3 b6 24. Bxd5 cxd5 25. Ncd3 Ne4 26. Nf4 Bb7 27. h4 Rbe8 28. Rc1 f6 29. Ned3 Bc8 30. Qg2 g5 31. hxg5 fxg5 32. Nh5 Ba6 33. Rcd1 Bxd3 34. Rxd3 Nxf2 35. Rxe8 Nxd3 36. Rxf8+ Kxf8 37. Qe2 Nf4 38. Qf3 Ke7 39. Ng3 Qe6 40. Nf5+ Kd7 41. Qc3 Ne2+ 0-1


[Site "https://www.chess.com"]

[Event "Titled Tuesday Blitz January 10 Late 2023"]
[White "Xiong, Jeffery"]
[Black "Zhigalko, Sergei"]
[WhiteFideId "2047640"]
[BlackFideId "13502956"]
[WhiteElo "2692"]
[BlackElo "2572"]
[Result "1-0"]
[Round "10"]
[TimeControl "180+2"]
[Date "2023.01.10"]
[WhiteClock "0:00:50"]
[BlackClock "0:00:19"]

1. e4 c5 2. Nf3 Nc6 3. Nc3 Nf6 4. Bb5 Qc7 5. O-O Nd4 6. Re1 a6 7. Bf1 e5 8. Nd5 Nxd5 9. exd5 d6 10. b4 b6 11. c3 Nxf3+ 12. Qxf3 Be7 13. d4 Ra7 14. bxc5 bxc5 15. dxc5 dxc5 16. Bd3 Bd6 17. Qh5 c4 18. Bc2 Kf8 19. a4 Bd7 20. Rb1 Rb7 21. Rxb7 Qxb7 22. Rxe5 Bxe5 23. Qxe5 f6 24. Ba3+ Kg8 25. Qd6 Qc8 26. h3 Qe8 27. a5 Qe1+ 28. Kh2 Qe5+ 29. Qxe5 fxe5 30. Bd6 Kf7 31. Bxe5 Rc8 32. Bd4 Re8 33. h4 h5 34. Bd1 g6 35. Kg3 Re1 36. Bf3 Ra1 37. Bb6 Ra3 38. Bd4 Rxa5 39. Kf4 Ra2 40. Ke5 a5 41. Kd6 Ke8 42. Kc7 a4 43. Be4 Bf5 44. Bxf5 gxf5 45. d6 1-0


[Site "https://www.chess.com"]

[Event "Titled Tuesday Blitz January 10 Late 2023"]
[White "Indjic, Aleksandar"]
[Black "Caruana, Fabiano"]
[WhiteFideId "911925"]
[BlackFideId "2020009"]
[WhiteElo "2618"]
[BlackElo "2764"]
[Result "0-1"]
[Round "10"]
[TimeControl "180+2"]
[Date "2023.01.10"]
[WhiteClock "0:00:08"]
[BlackClock "0:01:25"]

1. d4 Nf6 2. Bg5 e6 3. e4 h6 4. Bxf6 Qxf6 5. c3 d5 6. Nd2 Qd8 7. Ngf3 Be7 8. Bb5+ c6 9. Bd3 Nd7 10. Qe2 b6 11. h4 Bb7 12. exd5 cxd5 13. Ba6 Bxa6 14. Qxa6 Qc8 15. Qe2 Qc6 16. a4 O-O 17. g4 a6 18. Rg1 g6 19. Qe3 Kg7 20. g5 h5 21. Ne5 Nxe5 22. Qxe5+ Kg8 23. Qe3 b5 24. axb5 axb5 25. Rxa8 Rxa8 26. Ke2 b4 27. Rc1 Ra2 28. Rb1 Bd6 29. Kf3 Qa4 30. Qd3 Kg7 31. Nf1 bxc3 32. bxc3 e5 33. Kg2 e4 34. Qd1 Qc4 35. Ne3 Qxc3 36. Qe1 Qxd4 37. Rd1 Qe5 38. Kf1 Qh2 0-1


[Site "https://www.chess.com"]

[Event "Titled Tuesday Blitz January 10 Late 2023"]
[White "Jobava, Baadur"]
[Black "Movahed, Sina"]
[WhiteFideId "13601520"]
[BlackFideId "42520835"]
[WhiteElo "2578"]
[BlackElo "2340"]
[Result "1-0"]
[Round "10"]
[TimeControl "180+2"]
[Date "2023.01.10"]
[WhiteClock "0:00:36"]
[BlackClock "0:00:07"]

1. b3 e5 2. Bb2 Nc6 3. Nf3 e4 4. Nd4 Nf6 5. e3 Bc5 6. Nf5 O-O 7. c4 d6 8. Ng3 Re8 9. Nc3 a5 10. Be2 g6 11. O-O h5 12. f3 exf3 13. Bxf3 h4 14. Nge4 Nxe4 15. Nxe4 Ne5 16. Bxe5 Rxe5 17. d4 Rxe4 18. Bxe4 Bb6 19. Bd5 c6 20. Bxf7+ Kg7 21. Qd3 Qg5 22. Qc3 Bf5 23. c5 Bc7 24. Be6 Be4 25. Rf7+ Kh6 26. Bh3 Rc8 27. d5 Rg8 28. Rxc7 Bxd5 29. cxd6 1-0


[Site "https://www.chess.com"]

[Event "Titled Tuesday Blitz January 10 Late 2023"]
[White "Boros, Denes"]
[Black "Chigaev, Maksim"]
[WhiteFideId "722340"]
[BlackFideId "4108116"]
[WhiteElo "2406"]
[BlackElo "2628"]
[Result "0-1"]
[Round "10"]
[TimeControl "180+2"]
[Date "2023.01.10"]
[WhiteClock "0:00:28"]
[BlackClock "0:00:34"]

1. e4 c5 2. Nf3 e6 3. Qe2 Nc6 4. Na3 Nf6 5. g3 d5 6. exd5 Qxd5 7. Bg2 Nd4 8. Qd1 Bd7 9. c3 Qe4+ 10. Kf1 Qd3+ 11. Ke1 Nc6 12. Bf1 Qf5 13. Bg2 Be7 14. Nh4 Qe5+ 15. Qe2 Qc7 16. d3 O-O 17. Kf1 e5 18. h3 Rfe8 19. Be3 h6 20. g4 Bf8 21. Kg1 Nd4 22. Qf1 Ne6 23. Be4 Rad8 24. Qe2 b5 25. Re1 c4 26. f3 cxd3 27. Bxd3 Nf4 28. Qc2 Nxd3 29. Qxd3 e4 30. fxe4 Bxg4 31. Qxb5 Qg3+ 32. Ng2 Bf3 33. Re2 0-1


[Site "https://www.chess.com"]

[Event "Titled Tuesday Blitz January 10 Late 2023"]
[White "Bortnyk, Olexandr"]
[Black "Martinez Alcantara, Jose Eduardo"]
[WhiteFideId "14120828"]
[BlackFideId "3805662"]
[WhiteElo "2605"]
[BlackElo "2619"]
[Result "0-1"]
[Round "10"]
[TimeControl "180+2"]
[Date "2023.01.10"]
[WhiteClock "0:00:02"]
[BlackClock "0:00:05"]

1. e4 c5 2. c3 e6 3. d4 d5 4. exd5 exd5 5. Nf3 Nf6 6. Bb5+ Bd7 7. Bxd7+ Nbxd7 8. O-O Be7 9. dxc5 Nxc5 10. Be3 O-O 11. Nbd2 Re8 12. Qc2 Rc8 13. Rad1 Qc7 14. h3 a6 15. Rfe1 Nce4 16. Nb3 h6 17. Bd4 Bd6 18. Re2 Nh5 19. Be3 Nhf6 20. Bd4 Qd7 21. Rde1 Qa4 22. Bxf6 Nxf6 23. Rxe8+ Rxe8 24. Rxe8+ Qxe8 25. Nbd4 g6 26. Kf1 Kg7 27. a3 Qc8 28. Nd2 Bc5 29. Qd3 Qc7 30. g3 Qb6 31. b4 Be7 32. Qe3 Qc7 33. a4 Bd6 34. f4 Qd7 35. Kg2 Qxa4 36. f5 g5 37. N4f3 Qc2 38. Nd4 Qb2 39. Nf3 Qc2 40. Nd4 Qd1 41. N4f3 Qc1 42. Qd4 Qb2 43. Qe3 Qa2 44. Qd3 a5 45. bxa5 Qxa5 46. Qe3 Qa2 47. Qd3 Bc5 48. Kf1 Qa1+ 49. Kg2 Qa4 50. Kf1 Qd7 51. Kg2 Qe7 52. c4 Qd6 53. cxd5 Qxd5 54. Qc3 Be7 55. g4 b5 56. Nb3 Qc4 57. Qe3 Qe4 58. Qxe4 Nxe4 59. Nfd4 b4 60. Kf3 Nc3 61. Nc6 Bd6 62. Nbd4 Na4 63. Na5 Nc5 64. Nc4 Bf8 65. Na5 Nd3 66. Ke3 Nf4 67. h4 Ng2+ 68. Kf2 Nxh4 69. Nab3 Kf6 70. Nc6 h5 71. gxh5 Nxf5 72. Kf3 Nh6 73. Ncd4 Ke5 74. Nc6+ Kd5 75. Nd8 f5 76. Nd2 Bd6 77. Nb7 g4+ 78. Kg2 Bf4 79. Nb3 Be3 80. Nd8 f4 81. Na5 Nf5 82. Ndc6 f3+ 83. Kf1 g3 84. Nxb4+ Ke4 85. Ke1 g2 0-1


[Site "https://www.chess.com"]

[Event "Titled Tuesday Blitz January 10 Late 2023"]
[White "Bryakin, Mikhail"]
[Black "Mosadeghpour, Masoud"]
[WhiteFideId "4165314"]
[BlackFideId "12519278"]
[WhiteElo "2455"]
[BlackElo "2472"]
[Result "0-1"]
[Round "10"]
[TimeControl "180+2"]
[Date "2023.01.10"]
[WhiteClock "0:00:07"]
[BlackClock "0:00:59"]

1. Nf3 Nf6 2. d4 e6 3. c4 d5 4. g3 Bb4+ 5. Bd2 Be7 6. Bg2 O-O 7. O-O Nbd7 8. Qc2 Ne4 9. Nc3 Nxd2 10. Nxd2 c6 11. e4 dxc4 12. Nxc4 b5 13. Ne3 Rb8 14. Rfd1 c5 15. d5 c4 16. a4 a6 17. axb5 axb5 18. d6 Bf6 19. Ng4 Ne5 20. Nxf6+ Qxf6 21. f4 Nd3 22. e5 Qd8 23. Rxd3 cxd3 24. Qxd3 Qb6+ 25. Kh1 Bb7 26. Bxb7 Qxb7+ 27. Qe4 Qxe4+ 28. Nxe4 Rfc8 29. b4 Rc4 30. Nc5 Rxb4 31. Ra7 Rc4 32. Rc7 Rd8 33. Kg2 b4 34. d7 Rd4 35. Rb7 Rd5 36. Ne4 R5xd7 37. Rxb4 Rd4 38. Rxd4 Rxd4 39. Kf3 Rd3+ 40. Kg4 Ra3 41. h4 Kf8 42. h5 h6 43. Nf2 Ra4 44. Nd3 Rc4 45. Ne1 Ke7 46. Nf3 Rb4 47. Nd2 f5+ 48. Kh3 Kd7 49. Nf3 Kc6 50. Nh4 Kd5 51. Ng6 Rb7 52. Nf8 Re7 53. Kg2 Ke4 54. Ng6 Re8 55. Nh4 Ra8 56. Ng6 Ra2+ 57. Kh3 Ra1 58. Nf8 Kf3 59. Kh2 Ra6 60. Kh3 Kf2 61. Kh2 Kf1 62. g4 Ra2+ 63. Kh3 Ra3+ 64. Kh4 Kg2 65. gxf5 exf5 0-1


[Site "https://www.chess.com"]

[Event "Titled Tuesday Blitz January 10 Late 2023"]
[White "Rustemov, Alexander"]
[Black "Zierk, Steven"]
[WhiteFideId "4119002"]
[BlackFideId "2034255"]
[WhiteElo "2525"]
[BlackElo "2488"]
[Result "1-0"]
[Round "10"]
[TimeControl "180+2"]
[Date "2023.01.10"]
[WhiteClock "0:00:07"]
[BlackClock "0:00:03"]

1. d4 e6 2. c4 f5 3. Nf3 Nf6 4. g3 d5 5. Bg2 Bd6 6. O-O c6 7. Qc2 O-O 8. Ne5 Nbd7 9. Nd3 Qe7 10. Bf4 a5 11. Nd2 Ne4 12. Nf3 b6 13. Bxd6 Nxd6 14. Nfe5 Bb7 15. Rac1 Rac8 16. c5 bxc5 17. Nxd7 Qxd7 18. Nxc5 Qe7 19. e3 Ra8 20. Rfd1 Ba6 21. b3 Rfc8 22. Qd2 Ne4 23. Qe1 Nxc5 24. Rxc5 a4 25. b4 a3 26. Bf1 Qb7 27. Bxa6 Rxa6 28. Rb1 Rb6 29. Rb3 Rb8 30. Rxa3 Rxb4 31. Rac3 Rb1 32. Rc1 Qb2 33. Rxb1 Qxb1 34. Qxb1 Rxb1+ 35. Kg2 Rb6 36. Ra5 Kf7 37. Ra7+ Kf6 38. a4 Rb4 39. a5 Ra4 40. f4 Ra2+ 41. Kf3 Rxh2 42. a6 Ra2 43. Ra8 Kg6 44. a7 Kh5 45. Re8 Rxa7 46. Rxe6 Rc7 47. Re5 Kg6 48. g4 fxg4+ 49. Kxg4 Kf6 50. Rf5+ Ke6 51. Re5+ Kd6 52. Rh5 g6 53. Rh6 c5 54. dxc5+ Kxc5 55. Kf3 Re7 56. Rh1 Kd6 57. Ra1 Ke6 58. Ra6+ Kd7 59. Ra7+ Kd6 60. Ra6+ Kc5 61. Ra5+ Kc4 62. Ra4+ Kb5 63. Ra8 Rd7 64. Rc8 Kb4 65. Ke2 Kb5 66. Kd3 Kb6 67. Kd4 h5 68. Rg8 Rd6 69. Ke5 Kc5 70. Rc8+ Rc6 71. Rd8 Kc4 72. Rxd5 h4 73. Rd4+ Kc3 74. Rd1 Rc5+ 75. Ke4 h3 76. Rh1 Rh5 77. Kf3 Kd2 78. e4 Kd3 79. e5 g5 80. Kg4 Rh8 81. fxg5 Ke4 82. g6 Kxe5 83. Kg5 Ke6 84. g7 Rg8 85. Kg6 Ke7 86. Rxh3 Ra8 87. Re3+ Kd6 88. Kh7 Ra7 1-0


[Site "https://www.chess.com"]

[Event "Titled Tuesday Blitz January 10 Late 2023"]
[White "Borges Feria, Yasel"]
[Black "Hansen, Eric"]
[WhiteFideId "3504921"]
[BlackFideId "2606771"]
[WhiteElo "2439"]
[BlackElo "2609"]
[Result "1-0"]
[Round "10"]
[TimeControl "180+2"]
[Date "2023.01.10"]
[WhiteClock "0:00:05"]
[BlackClock "0:00:02"]

1. d4 Nf6 2. c4 e6 3. Nf3 Bb4+ 4. Bd2 Be7 5. Nc3 d5 6. cxd5 exd5 7. Bg5 c6 8. e3 Bf5 9. Bd3 Bg6 10. O-O Nbd7 11. Rb1 a5 12. Re1 O-O 13. Bxg6 hxg6 14. Bxf6 gxf6 15. Qd3 f5 16. g3 Bd6 17. a3 Re8 18. Kg2 Nf6 19. Rec1 Kg7 20. h4 Ne4 21. Ne2 Qe7 22. Rh1 Rh8 23. Nf4 Rae8 24. Rbe1 Qd8 25. Qc2 Qc7 26. Rc1 Qb8 27. Rb1 Nf6 28. b4 axb4 29. axb4 Ng4 30. Rb3 Qa7 31. b5 Bxf4 32. exf4 Re6 33. bxc6 bxc6 34. Qb2 Qa6 35. Ne5 Nxe5 36. dxe5 c5 37. Rc1 c4 38. Ra3 Qc6 39. Qd4 Ra8 40. Rxa8 Qxa8 41. Rd1 Qc8 42. Qxd5 c3 43. Rc1 c2 44. Qd3 Rc6 45. Kh2 Rc4 46. Qe2 Qc5 47. Kg1 Rc3 48. Kh2 Qc6 49. Kg1 Kh6 50. Kh2 Rc5 51. Kg1 Qb7 52. Kh2 Qc8 53. Kg1 Rc3 54. Kh2 Qc5 55. Kg2 Qd5+ 56. Kh2 Qb3 57. Kg2 Qb2 58. Qd2 Qxc1 59. Qxc1 Kh7 60. f3 Rc4 61. Kf2 Rc8 62. Ke3 Kg7 63. Kd3 f6 64. exf6+ Kxf6 65. Qxc2 Rxc2 66. Kxc2 Ke6 67. Kc3 Kd5 68. Kd3 Kc5 69. g4 Kd5 70. Ke3 Ke6 71. Kd4 Kd6 72. h5 Ke6 73. hxg6 1-0


[Site "https://www.chess.com"]

[Event "Titled Tuesday Blitz January 10 Late 2023"]
[White "Zakhartsov, Vladimir"]
[Black "Sokolovsky, Yahli"]
[WhiteFideId "4145097"]
[BlackFideId "2820242"]
[WhiteElo "2552"]
[BlackElo "2461"]
[Result "1/2-1/2"]
[Round "10"]
[TimeControl "180+2"]
[Date "2023.01.10"]
[WhiteClock "0:00:04"]
[BlackClock "0:00:06"]

1. e4 d6 2. d4 g6 3. f4 Nf6 4. e5 dxe5 5. fxe5 Nd5 6. Bc4 Bg7 7. Nf3 O-O 8. O-O Bg4 9. c3 e6 10. b4 a5 11. b5 c5 12. bxc6 Nxc6 13. h3 Bxf3 14. Qxf3 Rc8 15. Ba3 Nxe5 16. dxe5 Rxc4 17. Bxf8 Qxf8 18. Re1 Rf4 19. Qd3 Qc5+ 20. Kh1 Qf2 21. Nd2 Rh4 22. Rf1 Qa7 23. c4 Qe3 24. Rf3 Qxe5 25. Raf1 Rd4 26. Qc2 Ne3 27. Qb3 Nxf1 28. Nxf1 Rd7 29. Qa4 Qd4 30. Qxa5 Be5 31. Ne3 Bc7 32. Qe1 Qe5 33. Qg1 Rd3 34. Ng4 Qd4 35. Rxd3 Qxd3 36. c5 Qg3 37. Qf2 Qc3 38. Nf6+ Kf8 39. Ng4 Qc1+ 40. Qg1 Qxg1+ 41. Kxg1 Kg7 42. Kf2 f5 43. Ne3 Be5 44. Nc2 Kf7 45. Ke3 Ke7 46. Kd3 Kd7 47. Kc4 Bc7 48. a4 e5 49. Kd5 e4 50. Nd4 Bf4 51. c6+ bxc6+ 52. Nxc6 e3 53. Nd4 Bc7 54. Ne2 Bb6 55. Ke5 Ke7 56. g4 fxg4 57. hxg4 h5 58. gxh5 gxh5 59. Kf4 Kf6 60. Kf3 Ke5 61. Nc3 h4 62. Nd1 h3 63. Nxe3 h2 64. Kg2 Bxe3 65. a5 Bf4 66. a6 Be3 67. Kh1 Ba7 68. Kg2 Kd5 69. Kh1 Kc6 70. Kxh2 Kb5 71. Kg2 Kxa6 1/2-1/2


[Site "https://www.chess.com"]

[Event "Titled Tuesday Blitz January 10 Late 2023"]
[White "Ivic, Velimir"]
[Black "Averjanov, Alexey"]
[WhiteFideId "950122"]
[BlackFideId "14109867"]
[WhiteElo "2595"]
[BlackElo "2399"]
[Result "1-0"]
[Round "10"]
[TimeControl "180+2"]
[Date "2023.01.10"]
[WhiteClock "0:00:03"]
[BlackClock "0:00:02"]

1. d4 d5 2. c4 dxc4 3. e4 Nf6 4. e5 Nd5 5. Bxc4 Nb6 6. Bb3 Nc6 7. Ne2 Bf5 8. Nbc3 e6 9. O-O Nb4 10. Ng3 Bg6 11. Nge4 N4d5 12. Qe2 Be7 13. Be3 O-O 14. Rac1 a5 15. a3 a4 16. Ba2 Nxc3 17. Nxc3 c6 18. f4 Nd5 19. Kh1 Nxe3 20. Qxe3 Qb6 21. Rf2 Rfd8 22. Rd1 Rd7 23. g4 Rad8 24. f5 exf5 25. gxf5 Bh5 26. Rg1 Qxd4 27. Qg3 g6 28. fxg6 hxg6 29. Rxf7 Kh8 30. e6 Bh4 31. Rxd7 Rxd7 32. Qg2 Re7 33. Rf1 Kh7 34. Ne4 Qe3 35. Ng3 Bg4 36. Qf2 Qe5 37. Re1 Qf6 38. Kg1 Kg7 39. Re4 Qg5 40. Qf4 Qc5+ 41. Kg2 Qc2+ 42. Qf2 Qd3 43. Rf4 Bg5 44. Rxg4 Kh6 45. Re4 Qd5 46. Qe2 Qxa2 47. h4 1-0


[Site "https://www.chess.com"]